Map: [ESL] Tropical Sacrifice

Players

Ryung - Winner!

  • Race: Terran Terran
  • Spawn Location: 1:00

LiquidElazer (Elazer)

  • Race: Zerg Zerg
  • Spawn Location: 7:00

Event: HomeStory Cup XXI

VOD

Have the link to the VOD?

Description

Time

  • Played on: July 23, 2022, 5:29 a.m.
  • Length: 7:50

All games in this series

Show
View Real Time Build Order
Export as new Build Order

Ryung Terran - Winner!

Build Orders: Command Center First (CC), Hellion Opening 

Get SALT Encoding   

  12  0:00  SCV  
  13  0:12  SCV  
  14  0:17  Supply Depot  
  14  0:24  SCV  
  15  0:39  SCV  
  16  0:51  SCV  
  17  0:59  Command Center  
  17  1:03  SCV  
  18  1:14  Barracks  
  18  1:17  SCV  
  19  1:23  Refinery  
  19  1:29  SCV  
  19  1:31  Refinery  
  20  1:41  SCV  
  21  1:53  SCV  
  22  2:01  Marine  
  23  2:05  Orbital Command  
  23  2:09  Factory  
  23  2:15  Orbital Command  
  23  2:19  Barracks Reactor  
  23  2:26  Supply Depot  
  23  2:31  SCV  
  24  2:42  SCV  
  24  2:43  SCV  
  26  2:54  SCV, Starport  
  26  2:55  SCV  
  28  3:01  Hellion x2  
  32  3:06  SCV  
  32  3:07  Barracks Tech Lab, SCV  
  34  3:19  SCV x2  
  36  3:20  Supply Depot  
  36  3:22  Hellion  
  36  3:24  Hellion  
  40  3:28  Stimpack  
  40  3:33  SCV x2  
  42  3:36  Viking  
  42  3:38  Marine  
  45  3:44  Supply Depot  
  45  3:45  SCV  
  45  3:46  SCV  
  47  3:50  Hellion  
  47  3:53  Hellion  
  51  3:55  Marine  
  51  3:59  SCV  
  51  4:00  SCV  
  54  4:07  Starport Reactor  
  54  4:08  Supply Depot  
  54  4:12  SCV  
  54  4:13  SCV  
  56  4:18  Marine  
  56  4:22  Barracks  
  57  4:25  Engineering Bay, Barracks  
  57  4:26  Factory Tech Lab  
  57  4:27  SCV x2  
  57  4:30  Supply Depot  
  59  4:33  Refinery  
  59  4:35  Marine  
  60  4:39  SCV x2  
  62  4:47  Siege Tank  
  62  4:50  Barracks  
  62  4:51  SCV x2  
  62  4:52  Barracks  
  67  4:54  Terran Infantry Weapons Level 1  
  67  4:57  Supply Depot  
  67  5:04  Starport Reactor  
  67  5:10  Combat Shield  
  67  5:13  Marine  
  68  5:14  Marine x2  
  68  5:18  Supply Depot  
  68  5:19  Siege Tank  
  68  5:20  Marine  
  68  5:21  Marine  
  75  5:31  Marine  
  75  5:32  Marine x2  
  78  5:37  Supply Depot  
  78  5:38  Marine x2  
  78  5:40  Medivac x2  
  78  5:41  Marine x2  
  86  5:49  Marine  
  87  5:50  Marine, Supply Depot  
  87  5:51  Siege Tank, Marine  
  87  5:56  Marine x2  
  94  5:59  Marine  
  94  6:00  Supply Depot  
  94  6:01  Marine  
  96  6:05  Supply Depot  
  96  6:07  Marine  
  96  6:08  Marine  
  96  6:09  Marine  
  96  6:10  Medivac  
  101  6:11  Medivac  
  101  6:14  Marine x2  
  101  6:17  Marine  
  106  6:19  Marine  
  106  6:23  Siege Tank  
  106  6:24  Marine  
  111  6:26  Marine  
  111  6:27  Marine  
  111  6:32  Marine  
  114  6:33  Supply Depot  
  114  6:34  Marine x2, Supply Depot  
  114  6:36  Marine  
  117  6:42  Marine  
  117  6:44  Marine  
  119  6:51  Marine x2  
  119  6:52  Marine x2  
  123  6:54  Marine  
  123  7:00  Marine  
  123  7:01  Marine  
  114  7:09  Marine x2  
  114  7:10  Marine x2  
  114  7:12  Marine  
  107  7:16  Medivac  
  107  7:18  Marine  
  107  7:19  Marine  
  111  7:27  Marine x2  
  111  7:28  Marine x2  
  113  7:30  Marine  
Show
View Real Time Build Order
Export as new Build Order

LiquidElazer Zerg 

Build Orders: Hatch First 

Get SALT Encoding   

  12  0:00  Drone  
  13  0:12  Overlord  
  13  0:17  Drone  
  14  0:31  Drone x2  
  16  0:50  Hatchery  
  16  0:52  Drone  
  16  0:55  Drone  
  17  1:00  Drone  
  18  1:10  Extractor  
  17  1:14  Spawning Pool  
  17  1:18  Drone  
  17  1:21  Drone  
  18  1:30  Drone  
  19  1:39  Drone  
  20  1:50  Drone  
  21  2:01  Queen x2  
  21  2:02  Zergling x4  
  27  2:13  Metabolic Boost, Overlord, Drone  
  28  2:30  Hatchery  
  28  2:33  Drone  
  28  2:35  Drone  
  29  2:40  Drone  
  29  2:41  Drone  
  31  2:47  Queen  
  33  2:52  Overlord  
  33  2:54  Drone  
  33  2:58  Drone  
  35  3:01  Drone  
  36  3:09  Overlord  
  36  3:15  Drone x4  
  40  3:20  Queen  
  40  3:23  Queen  
  44  3:29  Drone x2  
  44  3:34  Overlord  
  45  3:35  Zergling x2  
  45  3:40  Drone  
  47  3:44  Drone x4  
  51  3:52  Drone x2  
  53  3:58  Queen  
  53  4:01  Drone x5  
  60  4:07  Overlord  
  60  4:09  Baneling Nest  
  59  4:11  Drone x2  
  59  4:12  Queen  
  63  4:19  Drone x2  
  63  4:20  Drone  
  63  4:23  Overlord  
  66  4:26  Drone x2  
  66  4:28  Overlord x2  
  66  4:29  Drone  
  69  4:34  Queen  
  69  4:36  Drone x2  
  73  4:39  Extractor  
  73  4:41  Overlord, Extractor  
  73  4:44  Zergling x4  
  73  4:48  Lair  
  73  4:51  Zergling x6  
  73  4:52  Overlord  
  75  4:53  Queen  
  75  4:55  Zergling x2  
  75  4:56  Zergling x2  
  75  4:58  Zergling x2  
  80  5:04  Spore Crawler  
  80  5:06  Zergling x2  
  80  5:07  Zergling x4  
  82  5:09  Spore Crawler x2, Drone  
  82  5:10  Drone x3  
  84  5:14  Drone x2  
  84  5:16  Drone x2  
  88  5:25  Drone x4  
  92  5:31  Overlord  
  92  5:38  Hatchery  
  92  5:39  Extractor  
  92  5:42  Drone x2  
  91  5:44  Evolution Chamber, Overlord  
  91  5:45  Evolution Chamber  
  91  5:47  Zergling x14  
  91  5:49  Centrifugal Hooks  
  96  6:07  Zergling x2  
  96  6:08  Zergling x14  
  104  6:11  Overlord  
  103  6:19  Overlord  
  103  6:23  Drone x7  
  110  6:29  Overlord  
  110  6:34  Baneling x17  
  110  6:35  Zergling x2  
  110  6:36  Zergling x10  
  115  6:40  Baneling x2  
  115  6:43  Zergling x8  
  119  6:47  Zergling x2  
  119  6:48  Zergling x2  
  120  6:57  Queen, Zergling x12  
  120  6:58  Queen  
  130  7:04  Zergling x10  
  128  7:14  Zergling x6  
  101  7:16  Baneling x4  
  101  7:18  Zergling x6  
  101  7:22  Zergling x4  
  108  7:24  Baneling x4  
  98  7:30  Zergling x14  
Tags
 
Add a new tag
Caveats
  • Supply blocks, unpowered buildings, or Contaminate may cause inaccurate times.
  • Supply counts are checked every 10 seconds.